Map: [ESL] Oceanborn

Players

Spirit

  • Race: Terran Terran
  • Spawn Location: 11:00

trigger - Winner!

  • Race: Protoss Protoss
  • Spawn Location: 5:00

Event: IEM Katowice 2024

VOD

Have the link to the VOD?

Description

Time

  • Played on: Feb. 9, 2024, 7:49 a.m.
  • Length: 16:22

All games in this series

Show
View Real Time Build Order
Export as new Build Order

Spirit Terran 

Build Orders:  

Get SALT Encoding   

  12  0:00  SCV  
  13  0:12  SCV  
  14  0:17  Supply Depot  
  14  0:24  SCV  
  15  0:38  SCV  
  15  0:40  Barracks  
  16  0:50  SCV  
  16  0:52  Refinery  
  17  1:02  SCV  
  18  1:06  Engineering Bay  
  18  1:14  SCV  
  19  1:27  Orbital Command, Marine  
  19  1:44  Command Center  
  19  1:48  Barracks Reactor  
  19  1:53  SCV  
  20  1:59  Supply Depot  
  20  2:05  SCV  
  21  2:13  Factory  
  21  2:17  SCV  
  21  2:19  Refinery  
  22  2:23  Marine  
  22  2:24  Marine  
  22  2:29  SCV  
  25  2:41  SCV, Marine  
  25  2:42  Marine  
  28  2:53  SCV  
  28  2:56  Orbital Command  
  28  2:57  Starport  
  29  3:07  Hellion  
  29  3:08  Hellion  
  29  3:12  SCV  
  34  3:22  SCV  
  34  3:24  SCV  
  36  3:28  Widow Mine  
  36  3:30  Widow Mine  
  40  3:34  SCV  
  40  3:35  Medivac  
  40  3:36  SCV  
  44  3:46  SCV  
  44  3:47  Armory, Supply Depot  
  44  3:48  SCV  
  45  3:52  Widow Mine  
  45  3:56  Widow Mine  
  45  3:58  SCV  
  46  4:03  Bunker  
  46  4:09  SCV  
  47  4:10  SCV  
  47  4:12  Supply Depot  
  47  4:13  Widow Mine  
  50  4:17  Widow Mine, Medivac  
  50  4:22  Barracks Tech Lab  
  54  4:28  Supply Depot  
  54  4:34  SCV x2  
  56  4:39  Engineering Bay  
  56  4:40  Barracks  
  56  4:46  SCV x2  
  56  4:52  Siege Tank  
  57  4:56  Marine x2  
  57  4:58  Bunker, SCV x2  
  61  5:10  Bunker, SCV x2  
  61  5:14  Marine, Supply Depot  
  63  5:15  Supply Depot  
  63  5:16  Refinery  
  63  5:17  Marine  
  63  5:19  Viking  
  63  5:22  SCV x2  
  63  5:25  Siege Tank  
  68  5:31  Barracks  
  68  5:32  Marine  
  68  5:34  Barracks Tech Lab, SCV  
  68  5:35  SCV, Marine  
  70  5:46  SCV  
  70  5:47  SCV  
  70  5:49  Sensor Tower, Marine  
  72  5:51  Refinery  
  72  5:52  Supply Depot  
  72  5:53  Stimpack, Marine  
  74  5:57  Marine  
  74  5:58  SCV  
  74  5:59  SCV  
  74  6:07  Marine  
  74  6:08  Supply Depot  
  74  6:10  SCV  
  74  6:11  Marine  
  73  6:15  Marine  
  68  6:19  Siege Tank  
  68  6:25  SCV  
  69  6:33  Marine  
  69  6:34  Marine  
  69  6:37  Barracks Tech Lab  
  69  6:38  Marine  
  68  6:40  Orbital Command  
  68  6:51  Marine x2  
  64  6:56  Marine  
  64  6:59  Combat Shield  
  54  7:09  Marine  
  54  7:10  Siege Tank  
  54  7:12  SCV  
  54  7:14  Marine x2  
  54  7:15  Marine  
  61  7:19  SCV  
  61  7:22  Medivac  
  64  7:25  SCV  
  64  7:26  Marine  
  64  7:31  SCV  
  64  7:32  Marine  
  64  7:33  Marauder  
  64  7:37  Marauder, SCV  
  62  7:43  SCV  
  64  7:44  Concussive Shells, Marine  
  64  7:49  SCV  
  66  7:52  Refinery  
  66  7:53  Refinery  
  66  7:54  Marauder, Supply Depot, Marine  
  66  7:55  SCV  
  70  7:58  Marine  
  64  8:08  Marine  
  64  8:11  SCV x2  
  67  8:15  Marine  
  67  8:16  Marauder  
  67  8:17  Marauder  
  72  8:23  SCV x2  
  72  8:26  Marine  
  75  8:33  Marine  
  76  8:35  Siege Tank  
  76  8:37  Marine, Marauder  
  86  8:43  Starport Reactor  
  86  8:44  Supply Depot, Marine  
  81  8:51  SCV x2  
  81  8:52  Marine  
  84  8:56  Marauder  
  84  8:58  Terran Infantry Weapons Level 1, Marauder  
  84  9:02  Marine  
  86  9:03  SCV x2  
  86  9:07  Siege Tank  
  86  9:09  Marine  
  87  9:15  SCV x2  
  88  9:17  Marauder  
  88  9:19  Marine  
  88  9:23  Marine  
  92  9:27  SCV x2  
  92  9:33  Marine  
  92  9:38  Marauder  
  93  9:39  SCV, Marauder  
  93  9:40  SCV  
  93  9:41  Marine  
  92  9:51  Marine  
  91  9:59  Marauder, Marine  
  83  10:00  Marauder  
  83  10:01  Medivac  
  83  10:04  Siege Tank  
  82  10:09  Barracks, SCV x2, Marine  
  82  10:10  Barracks, Ghost Academy  
  82  10:14  Medivac  
  87  10:16  Marine  
  87  10:20  Marauder  
  90  10:21  Marauder, SCV x2  
  90  10:26  Marine  
  95  10:32  Medivac  
  95  10:34  Marine  
  100  10:37  Siege Tank  
  100  10:40  Supply Depot  
  100  10:41  Supply Depot  
  100  10:42  Marauder  
  103  10:43  Marauder  
  103  10:44  Marine  
  106  10:55  Marine  
  107  10:59  Viking  
  107  11:01  Barracks Reactor, Supply Depot  
  107  11:02  Barracks Tech Lab, Ghost, Supply Depot  
  113  11:04  Marauder  
  113  11:06  Terran Infantry Armor Level 1  
  113  11:08  Marine  
  114  11:17  Marine  
  115  11:22  Marine  
  115  11:25  Ghost  
  118  11:27  Orbital Command, Missile Turret  
  118  11:32  Marauder  
  120  11:40  Ghost  
  120  11:41  Medivac  
  120  11:44  Marine  
  120  11:46  Marine  
  126  11:48  Marine x2, Refinery  
  128  11:59  Marauder, Marine  
  131  12:05  Refinery  
  131  12:09  Marauder  
  131  12:15  Marine  
  133  12:16  Ghost  
  133  12:19  Marine x2  
  133  12:20  Marine  
  133  12:21  Marauder  
  141  12:29  Supply Depot  
  141  12:30  Medivac  
  141  12:31  Supply Depot  
  142  12:41  Supply Depot  
  142  12:42  Medivac, Marine  
  142  12:43  Marauder  
  147  12:47  Marauder, Marine  
  147  12:50  Marine  
  151  12:53  Marine  
  152  13:00  Supply Depot  
  152  13:01  Marauder  
  152  13:03  Supply Depot  
  152  13:04  Marine, Marauder  
  152  13:05  Marine  
  158  13:10  Viking  
  160  13:15  Marauder, Marine  
  162  13:20  Siege Tank  
  162  13:24  Viking  
  167  13:28  Marine  
  167  13:29  Marine  
  167  13:34  Marauder  
  170  13:36  Marauder  
  170  13:37  Marine  
  170  13:39  Marine  
  170  13:41  Marine  
  175  13:45  Marine  
  175  13:47  Marine  
  177  13:55  Marine, Marauder  
  173  13:57  Marine  
  176  14:03  Siege Tank  
  176  14:04  Marine  
  176  14:08  Marine  
  181  14:10  Viking  
  175  14:17  Marine  
  175  14:19  Marine  
  175  14:23  Marauder, Marine  
  174  14:25  Marine  
  174  14:28  SCV  
  174  14:29  SCV  
  175  14:35  Siege Tank  
  178  14:40  SCV  
  178  14:41  SCV  
  180  14:52  SCV  
  175  15:04  Marine  
  175  15:06  Marine  
  172  15:07  Marine, Marauder  
  172  15:09  Marine  
  172  15:10  Marine  
  172  15:11  Marauder  
  165  15:21  Marine  
  165  15:24  Marine  
  165  15:26  Orbital Command  
  167  15:34  Orbital Command  
  157  15:43  Marauder  
Show
View Real Time Build Order
Export as new Build Order

trigger Protoss - Winner!

Build Orders: 1 Gate Expand, Blink Stalkers 

Get SALT Encoding   

  12  0:00  Probe  
  13  0:12  Probe  
  14  0:17  Pylon  
  14  0:24  Probe (Chrono Boost)  
  15  0:36  Gateway, Probe (Chrono Boost)  
  16  0:44  Probe (Chrono Boost)  
  16  0:46  Assimilator  
  17  0:52  Probe  
  18  1:04  Probe  
  19  1:16  Probe  
  20  1:27  Cybernetics Core  
  20  1:37  Nexus  
  20  1:44  Pylon  
  20  1:48  Probe  
  20  1:53  Assimilator  
  21  2:00  Adept (Chrono Boost), Probe  
  22  2:07  Warp Gate  
  24  2:12  Probe  
  25  2:21  Stalker (Chrono Boost)  
  25  2:24  Probe  
  28  2:31  Twilight Council  
  28  2:36  Probe  
  29  2:45  Stalker  
  29  2:49  Probe x2  
  33  3:01  Probe x2  
  33  3:03  Gateway  
  33  3:05  Blink (Chrono Boost)  
  35  3:16  Probe  
  35  3:17  Probe  
  37  3:25  Robotics Facility  
  37  3:28  Probe  
  37  3:29  Probe  
  37  3:33  Pylon  
  39  3:40  Probe  
  38  3:41  Probe  
  39  3:52  Probe  
  39  3:53  Probe  
  40  3:56  Gateway  
  40  3:57  Gateway  
  40  3:59  Stalker  
  42  4:02  Stalker  
  42  4:05  Probe  
  42  4:06  Probe  
  46  4:12  Pylon  
  46  4:15  Warp Prism (Chrono Boost)  
  46  4:23  Assimilator  
  48  4:27  Stalker  
  48  4:30  Stalker  
  52  4:32  Probe  
  52  4:33  Probe  
  54  4:44  Pylon, Probe  
  55  4:51  Observer (Chrono Boost)  
  53  5:03  Probe  
  54  5:07  Stalker x4  
  54  5:12  Probe  
  63  5:24  Probe  
  63  5:26  Probe  
  65  5:31  Pylon  
  65  5:33  Observer  
  56  5:44  Probe (Chrono Boost)  
  56  5:47  Probe (Chrono Boost)  
  56  5:48  Stalker x4  
  64  5:56  Probe (Chrono Boost)  
  66  6:00  Probe (Chrono Boost)  
  66  6:01  Probe (Chrono Boost)  
  67  6:08  Probe  
  67  6:11  Probe  
  61  6:20  Stalker x3  
  61  6:21  Stalker, Probe  
  61  6:23  Probe  
  66  6:33  Probe  
  66  6:38  Probe  
  68  6:45  Stalker x2  
  72  6:51  Stalker  
  58  7:05  Probe (Chrono Boost)  
  58  7:06  Probe (Chrono Boost)  
  58  7:08  Stalker x4  
  66  7:17  Probe (Chrono Boost)  
  66  7:19  Probe (Chrono Boost)  
  68  7:24  Probe (Chrono Boost)  
  68  7:25  Nexus, Probe (Chrono Boost)  
  70  7:32  Probe  
  69  7:37  Probe  
  70  7:45  Stalker x4  
  78  8:05  Charge (Chrono Boost), Probe  
  65  8:06  Probe  
  65  8:10  Forge  
  65  8:12  Gateway  
  66  8:13  Observer  
  66  8:15  Gateway, Stalker x3  
  66  8:19  Probe x2  
  74  8:31  Probe x2  
  74  8:34  Gateway  
  76  8:36  Shield Battery  
  76  8:38  Pylon  
  76  8:39  Protoss Ground Weapons Level 1 (Chrono Boost)  
  76  8:40  Probe  
  76  8:41  Zealot x2  
  81  8:46  Zealot  
  83  8:49  Zealot  
  83  8:55  Robotics Bay  
  85  8:59  Probe  
  85  9:02  Probe x2  
  88  9:03  Shield Battery  
  86  9:10  Sentry x2, Zealot x2  
  86  9:15  Zealot x2  
  98  9:21  Probe x2  
  98  9:22  Probe  
  99  9:24  Assimilator  
  99  9:31  Zealot x3  
  99  9:33  Zealot  
  101  9:38  Pylon  
  95  9:46  Zealot x3  
  90  9:53  Zealot x3  
  93  10:00  Colossus (Chrono Boost)  
  94  10:13  Zealot x4  
  102  10:17  Observer  
  102  10:21  Shield Battery  
  102  10:27  Extended Thermal Lance  
  102  10:28  Protoss Ground Weapons Level 2 (Chrono Boost)  
  102  10:33  Pylon  
  102  10:34  Photon Cannon  
  102  10:43  Nexus  
  102  10:47  Colossus (Chrono Boost)  
  108  10:54  Shield Battery  
  108  10:59  Templar Archives  
  108  11:05  Probe  
  108  11:06  Observer, Pylon  
  108  11:07  Zealot x3  
  115  11:16  Zealot  
  117  11:21  Shield Battery  
  117  11:23  Gateway, Pylon  
  117  11:30  Probe x3  
  125  11:40  Pylon  
  125  11:49  High Templar x2  
  125  11:50  Zealot x2  
  125  11:53  Archon  
  133  11:57  Probe (Chrono Boost)  
  133  12:00  Probe x2 (Chrono Boost)  
  133  12:03  Probe (Chrono Boost)  
  133  12:05  Observer (Chrono Boost)  
  133  12:06  Probe (Chrono Boost)  
  133  12:07  Robotics Facility  
  130  12:09  Probe (Chrono Boost)  
  130  12:10  Pylon  
  130  12:11  Probe  
  130  12:12  Dark Shrine  
  130  12:13  Assimilator, Probe  
  130  12:15  Assimilator  
  132  12:18  Disruptor (Chrono Boost)  
  132  12:20  Zealot x4  
  144  12:29  Observer  
  144  12:31  Probe x2  
  144  12:32  Protoss Ground Armor Level 1 (Chrono Boost)  
  144  12:33  Probe x2  
  146  12:40  Gateway  
  146  12:43  Probe  
  147  12:47  Disruptor (Chrono Boost)  
  151  12:55  Nexus  
  151  12:58  Robotics Facility  
  151  13:02  Zealot x4, Disruptor (Chrono Boost)  
  151  13:04  Pylon  
  151  13:05  Pylon  
  163  13:06  Pylon  
  163  13:12  Gateway x2  
  163  13:16  Photon Cannon  
  163  13:22  Disruptor  
  163  13:23  Pylon  
  163  13:25  Shadow Stride  
  163  13:26  Disruptor (Chrono Boost)  
  171  13:28  Shield Battery  
  171  13:29  Photon Cannon  
  171  13:31  Pylon  
  171  13:54  Disruptor (Chrono Boost)  
  165  13:57  Stalker x6  
  165  13:58  Disruptor (Chrono Boost)  
  179  14:09  Zealot x5  
  189  14:10  Disruptor (Chrono Boost)  
  177  14:24  Zealot x6  
  177  14:27  Observer (Chrono Boost)  
  177  14:28  Observer (Chrono Boost)  
  187  14:33  Forge  
  187  14:36  Zealot x4  
  187  14:37  Zealot  
  183  15:04  Zealot x8  
  183  15:05  Zealot  
  183  15:06  Nexus  
  199  15:11  Pylon  
  195  15:14  Pylon  
  195  15:26  Disruptor  
  195  15:27  Dark Templar  
  185  15:49  Zealot x10  
  148  16:11  Stalker  
  148  16:12  Stalker x7  
  148  16:16  Pylon  

Tags
 
Add a new tag
Caveats
  • Supply blocks, unpowered buildings, or Contaminate may cause inaccurate times.
  • Supply counts are checked every 10 seconds.